 Dungeon Crawl Stone Soup version 0.30-a0-534-gdc55766716 (webtiles) character file.

Game seed: 13565486004427812100

849 Jase the Chopper (level 8, -18/64 HPs)
             Began as a Hill Orc Fighter on Dec 25, 2022.
             Was a Priest of Zin.
             Demolished by an ogre
             ... wielding a +0 giant spiked club
              (34 damage)
             ... on level 5 of the Dungeon.
             The game lasted 00:10:40 (3265 turns).

Jase the Chopper (Hill Orc Fighter)                 Turns: 3265, Time: 00:10:41

Health: -18/64     AC: 11    Str: 21    XL:     8   Next: 1%
Magic:  12/12      EV: 10    Int:  8    God:    Zin [***...]
Gold:   200        SH:  0    Dex: 13    Spells: 7/7 levels left

rFire   . . .      SeeInvis .    a - +0 war axe
rCold   . . .      Faith    +    (no shield)
rNeg    . . .      Spirit   .    l - +2 ring mail of Refuge {Rampage Regen+ Dex+3}
rPois   .          Reflect  .    x - +0 helmet
rElec   .          Harm     .    (no cloak)
rCorr   .          Rampage  +    (no gloves)
Will    +....                    j - +0 pair of boots
Stlth   +                        i - amulet of faith
HPRegen 1.10/turn                n - ring of willpower
MPRegen 0.13/turn                (no ring)

@: on recite cooldown
A: no striking features
a: Renounce Religion, Recite, Vitalisation, Imprison, Donate Gold


You were on level 5 of the Dungeon.
You worshipped Zin.
Zin was most pleased with you.
You visited 1 branch of the dungeon, and saw 5 of its levels.

You collected 222 gold pieces.
You donated 22 gold pieces to Zin.

Inventory:

Hand Weapons
 a - a +0 war axe (weapon)
 t - a +0 dagger
Missiles
 f - 5 curare-tipped darts
 g - 8 poisoned darts
 h - 13 stones (quivered)
Armour
 j - a +0 pair of boots (worn)
 l - the +2 ring mail of Refuge (worn) {Rampage Regen+ Dex+3}
   (You found it on level 2 of the Dungeon)

   Dex:       It affects your dexterity (+3).
   Regen:     It increases your rate of health regeneration.
   Rampage:   It bestows one free step when moving towards enemies.
 x - a +0 helmet (worn)
Jewellery
 i - an amulet of faith (around neck)
 n - a ring of willpower (left hand)
Scrolls
 c - 2 scrolls of identify {unknown}
 k - a scroll of brand weapon {unknown}
 m - a scroll of blinking {unknown}
 o - 2 scrolls of poison {unknown}
 q - 2 scrolls of summoning {unknown}
 r - a scroll of magic mapping {unknown}
 s - a scroll of immolation {unknown}
 y - a scroll of fear {unknown}
Potions
 b - a potion of brilliance {unknown}
 d - 2 potions of might
 e - 3 potions of heal wounds {unknown}
 p - 4 potions of degeneration {unknown}
 u - a potion of haste {unknown}
 v - a potion of attraction {unknown}
 w - a potion of ambrosia {unknown}
 z - a potion of curing {unknown}


   Skills:
 - Level 3.6 Fighting
 + Level 7.4 Axes
 + Level 6.7 Armour
 - Level 3.2 Shields
 + Level 5.5 Invocations


You had 7 spell levels left.
You didn't know any spells.
Your spell library contained the following spells:

 Spells                   Type           Power      Damage    Failure   Level
 Ensorcelled Hibernation  Hex/Ice        0%         N/A       71%         2
 Passwall                 Tmut/Erth      0%         N/A       71%         2
 Swiftness                Air            0%         N/A       90%         3


Dungeon Overview and Level Annotations

Branches:
Dungeon (5/15)
 Temple: D:4-7

Altars:
Fedhas
Gozag
Makhleb
Zin


Message History

Items here: ))) [ ††.
An ogre comes into view. It is wielding a +0 giant spiked club.
The ogre shouts!
Activating: Recite (0% risk of failure)
Press: ? - help, Dir - look around, f - activate You clear your throat and prepare to recite. "When the law of the land faltered, Zin rose..."
The ogre is dazed by your recitation.
The ogre is lost in a daze. "...from the silver throne, and the amorphous wretches were..."
You rampage towards the ogre!
You hit the ogre.
The ogre is lightly wounded. "...purified.
And it was thus that the law was made good."
You finish reciting Abominations 25:57.
The ogre misses you.
You barely miss the ogre.
The ogre is lightly wounded.
The ogre hits you with a +0 giant spiked club!!
You hit the ogre but do no damage.
The ogre is lightly wounded.
You hit the ogre but do no damage.
The ogre is lightly wounded.
The ogre hits you with a +0 giant spiked club.
You barely miss the ogre.
The ogre is lightly wounded.
The ogre hits you with a +0 giant spiked club!
You barely miss the ogre.
The ogre is lightly wounded.
Press: ? - help, v - describe, . - travel
Here: an ogre, wielding a +0 giant spiked club (lightly wounded, dazed)
The floor, spattered with blood.
Unknown command.
You hit the ogre.
The ogre is lightly wounded.
The ogre hits you with a +0 giant spiked club!
* * * LOW HITPOINT WARNING * * *
You slash the ogre!
The ogre is heavily wounded.
The ogre hits you with a +0 giant spiked club!!
Ouch! That really hurt!
You die...

#.#........####. #...............
#.............. #..............
+. #.........##### <#+#####
#.........# #......# #.........#
+......# ##........#
##......######..@O....########
#.......+....................####
#.......######.######.......)....
#.......#........####.........###
#.###.......##...................
#.# #.....#.#.................###
#.#########.#.##.##..............
#...........#....##..........####
#######...............#####+## #


You could see an ogre (dazed).

Vanquished Creatures
  Grinder (D:3)
  Sigmund (D:3)
  Duvessa (D:4)
  A phantom (D:5)
  Dowan (D:4)
  A hound (D:4)
  3 orc wizards
  6 adders
  3 worms
  4 dart slugs
  14 orcs
  8 ball pythons
  6 bats
  12 endoplasms
  6 giant cockroaches
  4 goblins
  6 hobgoblins
  9 kobolds
  3 quokkas
  4 frilled lizards
  4 rats
98 creatures vanquished.

Notes
Turn   | Place    | Note
-------+----------+-------------------------------------------
     0 | D:1      | Jase the Hill Orc Fighter began the quest for the Orb.
     0 | D:1      | Reached XP level 1. HP: 19/19 MP: 1/1
    25 | D:1      | Reached skill level 3 in Axes
    45 | D:1      | Reached XP level 2. HP: 24/26 MP: 2/2
   554 | D:1      | Reached XP level 3. HP: 31/31 MP: 3/3
   725 | D:2      | Reached skill level 4 in Axes
   904 | D:2      | Reached XP level 4. HP: 37/39 MP: 4/4
   925 | D:2      | Identified the +2 ring mail of Refuge {Rampage Regen+
                  | Dex+3}
  1715 | D:3      | Found a glowing silver altar of Zin.
  1715 | D:3      | Noticed Sigmund
  1721 | D:3      | Became a worshipper of Zin the Law-Giver
  1721 | D:3      | Reached * piety under Zin
  1741 | D:3      | Killed Sigmund
  1742 | D:3      | Reached skill level 5 in Axes
  1742 | D:3      | Reached skill level 5 in Armour
  1742 | D:3      | Reached XP level 5. HP: 39/45 MP: 4/7
  1742 | D:3      | Reached XP level 6. HP: 45/51 MP: 4/8
  1803 | D:3      | Found an opulent altar of Gozag.
  1900 | D:3      | Noticed Grinder
  1908 | D:3      | Killed Grinder
  1909 | D:3      | Reached skill level 6 in Axes
  1909 | D:3      | Reached XP level 7. HP: 56/57 MP: 9/9
  1961 | D:3      | Found a burning altar of Makhleb.
  2472 | D:4      | Reached ** piety under Zin
  2602 | D:4      | Noticed Duvessa
  2621 | D:4      | Killed Duvessa
  2622 | D:4      | Reached skill level 7 in Axes
  2622 | D:4      | Noticed Dowan
  2641 | D:4      | Killed Dowan
  2642 | D:4      | Reached skill level 5 in Invocations
  2918 | D:5      | Entered Level 5 of the Dungeon
  2919 | D:5      | Found a blossoming altar of Fedhas.
  2963 | D:5      | Reached *** piety under Zin
  3123 | D:5      | Reached XP level 8. HP: 59/64 MP: 10/12
  3265 | D:5      | Demolished by an ogre

Illustrated notes

Levels and vault maps discovered:
D:1:      tekkud_arrival_beachfront_property, layout_basic
D:2:      layout_basic, minmay_misc_feat_enclosed, chequers_avenue
D:3:      layout_loops_ring, lemuel_crystal_altar, grunt_gozag_statues,
          mainiacjoe_overflow_boulevard, uniq_grinder, uniq_sigmund
D:4:      layout_basic, minmay_pentomino_pile, uniq_duvessa
D:5:      layout_basic, mainiacjoe_overflow_brackets

Skill      XL: |  1  2  3  4  5  6  7 |
---------------+----------------------+-----
Axes           | 3 4 5 6 7 |  7.4
Armour         | 4 5 6 |  6.7
Invocations    | 2 3 5 |  5.5
Fighting       | |  3.6
Shields        | |  3.2

Action                   |  1- 3 |  4- 6 |  7- 9 || total
-------------------------+-------+-------+-------++-------
Melee: War axe           |   112 |    74 |   133 ||   319
       Punch             |       |     1 |       ||     1
Throw: Dart              |       |       |     2 ||     2
       Stone             |       |       |     1 ||     1
Invok: Recite            |       |     1 |     5 ||     6
       Vitalisation      |       |       |     1 ||     1
  Use: Potion            |       |     1 |       ||     1
 Stab: Confused          |       |       |     1 ||     1
       Invisible         |       |       |     1 ||     1
Armor: Scale mail        |    76 |     5 |       ||    81
       Ring mail         |       |    38 |    35 ||    73
Dodge: Dodged            |    63 |    39 |    44 ||   146
Block: Buckler           |     5 |       |       ||     5

Table legend: (Time is in decaauts)
 A = Elapsed time spent in this place.
 B = Non-inter-level travel time spent in this place.
 C = Inter-level travel time spent in this place.
 D = Time resting spent in this place.
 E = Time spent auto-exploring this place.
 F = Levels seen in this place.
 G = Mean time per level.
                   A        B        C        D        E       F      G
               +--------+--------+--------+--------+--------+-----+--------+
         Total |   3340 |   3221 |    119 |    133 |   2223 |   5 |  668.0 |
       Dungeon |   3340 |   3221 |    119 |    133 |   2223 |   5 |  668.0 |
               +--------+--------+--------+--------+--------+-----+--------+

Top non-repeatable levels by time:
     D:2: 1098 daAuts
     D:3: 701 daAuts
     D:1: 626 daAuts
     D:4: 562 daAuts
     D:5: 351 daAuts
